Map: Efflorescence LE

Players

Throwfordays

  • Race: Protoss Protoss
  • League: Silver
  • Spawn Location: 12:00

Faust

  • Race: Zerg Zerg
  • League: Diamond
  • Spawn Location: 3:00

ChuckChunder - Winner!

  • Race: Terran Terran
  • Spawn Location: 9:00

Will - Winner!

  • Race: Protoss Protoss
  • Spawn Location: 6:00

VOD

Have the link to the VOD?

Description

Time

  • Played on: March 1, 2019, 11:08 p.m.
  • Length: 18:38
Show
View Real Time Build Order
Export as new Build Order

Throwfordays Protoss 

Build Orders: Nexus First 

Get SALT Encoding   

  12  0:01  Probe  
  13  0:13  Probe  
  14  0:26  Probe  
  15  0:47  Nexus  
  15  0:54  Pylon  
  15  1:10  Pylon  
  15  1:12  Probe  
  16  1:24  Assimilator, Probe  
  17  1:30  Gateway  
  17  1:38  Gateway  
  17  1:45  Probe  
  18  1:55  Probe  
  18  1:57  Probe  
  20  2:03  Probe  
  21  2:09  Probe  
  21  2:13  Probe  
  22  2:22  Cybernetics Core  
  23  2:25  Probe  
  23  2:29  Zealot  
  26  2:33  Zealot  
  28  2:38  Probe  
  28  2:42  Forge  
  29  2:50  Probe  
  30  2:51  Pylon  
  30  3:02  Probe, Warp Gate  
  31  3:12  Shield Battery  
  31  3:14  Probe  
  31  3:18  Photon Cannon  
  32  3:21  Photon Cannon  
  32  3:26  Probe  
  33  3:27  Photon Cannon  
  33  3:35  Photon Cannon  
  33  3:38  Probe  
  30  3:52  Adept x2  
  34  4:02  Pylon  
  34  4:03  Probe  
  35  4:13  Photon Cannon  
  35  4:15  Probe  
  36  4:18  Photon Cannon  
  36  4:19  Adept x2  
  36  4:22  Photon Cannon  
  40  4:27  Photon Cannon  
  40  4:28  Probe  
  40  4:31  Photon Cannon  
  41  4:32  Photon Cannon  
  41  4:34  Shield Battery  
  41  4:36  Shield Battery  
  37  4:55  Protoss Ground Weapons Level 1  
  37  5:09  Pylon  
  37  5:11  Pylon  
  37  5:13  Pylon  
  37  5:15  Pylon  
  37  5:39  Assimilator  
  37  5:40  Nexus  
  37  5:48  Cybernetics Core  
  37  5:49  Forge  
  37  6:07  Stalker x2  
  41  6:39  Stalker  
  39  6:40  Stalker  
  39  6:42  Stargate  
  39  6:44  Stargate  
  41  6:49  Probe  
  42  6:59  Probe  
  42  7:00  Assimilator  
  42  7:04  Assimilator, Probe  
  42  7:08  Probe  
  44  7:14  Probe  
  45  7:16  Probe  
  45  7:22  Probe  
  47  7:29  Pylon  
  48  7:31  Photon Cannon  
  48  7:32  Probe  
  49  7:38  Probe  
  50  7:44  Probe  
  52  7:56  Probe  
  52  8:05  Probe  
  53  8:08  Probe  
  54  8:14  Void Ray x2  
  54  8:17  Protoss Air Weapons Level 1, Probe  
  63  8:20  Probe  
  63  8:26  Protoss Air Armor Level 1  
  64  8:29  Nexus, Probe  
  64  8:31  Assimilator  
  65  8:35  Stalker  
  65  8:40  Stalker  
  65  9:09  Void Ray x2  
  69  9:13  Protoss Shields Level 1  
  69  9:37  Probe  
  69  9:43  Probe  
  71  9:45  Probe  
  71  9:49  Probe  
  73  9:55  Assimilator, Probe x2  
  75  10:01  Probe  
  75  10:02  Void Ray  
  75  10:04  Void Ray  
  84  10:07  Probe x2  
  84  10:13  Probe  
  87  10:14  Fleet Beacon  
  87  10:19  Probe x2  
  89  10:23  Pylon  
  89  10:25  Pylon, Probe  
  89  10:31  Probe  
  90  10:39  Probe  
  90  10:47  Probe  
  90  10:49  Void Ray x2  
  95  10:56  Stargate  
  98  10:58  Stargate, Probe  
  99  11:10  Probe  
  100  11:23  Protoss Air Weapons Level 2, Protoss Air Armor Level 2  
  96  11:43  Void Ray  
  96  11:44  Void Ray  
  96  11:46  Void Ray  
  108  11:50  Probe  
  109  12:02  Nexus, Probe  
  110  12:10  Twilight Council  
  110  12:14  Probe  
  83  12:19  Void Ray  
  87  12:24  Stalker  
  87  12:25  Stalker  
  87  12:26  Probe  
  92  12:33  Void Ray  
  92  12:34  Void Ray x2  
  64  13:02  Assimilator, Void Ray  
  68  13:07  Assimilator  
  68  13:15  Photon Cannon  
  68  13:16  Void Ray  
  68  13:17  Photon Cannon  
  68  13:19  Photon Cannon  
  72  13:25  Probe  
  73  13:27  Protoss Shields Level 2  
  73  13:32  Void Ray x2  
  81  13:37  Probe  
  82  13:49  Probe  
  82  13:54  Void Ray  
  87  14:01  Probe  
  68  14:13  Probe  
  68  14:23  Void Ray  
  71  14:26  Probe  
  68  14:31  Probe  
  68  14:38  Probe  
  70  14:41  Void Ray  
  70  14:43  Probe  
  75  14:50  Probe  
  76  14:55  Probe  
  77  15:02  Probe  
  74  15:08  Probe  
  63  15:14  Void Ray  
  63  15:19  Probe  
  63  15:20  Probe  
  69  15:31  Probe  
  70  15:54  Void Ray x2  
  75  16:29  Void Ray  
  75  16:30  Void Ray  
  83  16:42  Photon Cannon  
  83  17:05  Nexus  
  83  17:26  Assimilator  
Show
View Real Time Build Order
Export as new Build Order

Faust Zerg 

Build Orders: Pool First, Zergling Baneling 

Get SALT Encoding   

  12  0:01  Drone  
  13  0:11  Drone  
  14  0:14  Extractor  
  14  0:16  Drone  
  15  0:32  Overlord  
  15  0:40  Spawning Pool  
  14  0:52  Drone x2  
  14  0:54  Drone  
  17  1:14  Hatchery  
  16  1:28  Zergling x4  
  16  1:29  Zergling x2  
  19  1:34  Queen  
  19  1:39  Extractor  
  20  1:42  Drone  
  21  1:53  Zergling x2  
  22  2:10  Overlord  
  22  2:34  Drone x3  
  22  2:35  Drone  
  26  2:51  Spine Crawler  
  26  2:52  Queen  
  26  2:53  Drone x5  
  26  2:54  Spine Crawler  
  28  2:59  Zergling x2  
  28  3:05  Baneling Nest  
  28  3:18  Overlord  
  28  3:36  Queen  
  30  3:46  Zergling x4  
  30  3:47  Zergling x8  
  35  3:56  Baneling x2  
  35  4:09  Baneling  
  35  4:10  Baneling x4  
  35  4:13  Baneling  
  35  4:14  Baneling x3  
  35  4:17  Baneling  
  26  4:32  Zergling x4  
  26  4:33  Zergling x2  
  24  4:49  Zergling x6  
  24  5:06  Drone x2  
  21  5:36  Drone x2  
  21  5:37  Drone x2  
  21  5:41  Hatchery  
  18  6:08  Queen  
  15  6:39  Drone x7  
  22  7:02  Drone x2  
  22  7:07  Drone x2  
  26  7:20  Metabolic Boost  
  26  7:23  Lair  
  26  7:26  Drone  
  27  7:31  Drone  
  28  7:43  Drone x3  
  28  7:44  Drone  
  31  7:50  Drone x2  
  33  7:56  Drone x2  
  34  8:16  Spore Crawler  
  34  8:18  Drone x2  
  35  8:23  Overlord x2  
  29  8:43  Queen  
  29  8:44  Drone  
  29  8:45  Drone x4  
  34  9:15  Spore Crawler  
  34  9:16  Spore Crawler  
  30  9:19  Queen  
  32  9:28  Drone  
  33  9:35  Spawning Pool  
  35  10:01  Extractor  
  35  10:02  Extractor  
  35  10:03  Drone  
  35  10:04  Drone x2  
  35  10:05  Drone x3  
  39  10:10  Lair  
  37  10:34  Zergling x2  
  37  10:35  Zergling x8  
  42  10:41  Hatchery  
  41  10:57  Baneling  
  41  10:58  Baneling x9  
  41  11:23  Zergling x2  
  41  11:25  Overlord x3  
  37  11:43  Zergling x2  
  37  11:44  Zergling x4  
  40  11:52  Hydralisk Den  
  39  11:58  Spore Crawler  
  36  12:30  Hydralisk x6  
  36  12:34  Hydralisk  
  50  12:48  Spawning Pool  
  50  12:49  Evolution Chamber  
  48  12:51  Evolution Chamber  
  30  13:27  Hydralisk x3, Grooved Spines  
  30  13:28  Hydralisk x2  
  40  13:52  Hatchery  
  39  13:57  Drone x2  
  39  14:01  Hydralisk x3  
  47  14:12  Zerg Missile Weapons Level 1  
  47  14:13  Zerg Ground Armor Level 1  
  47  14:14  Hydralisk  
  47  14:15  Hydralisk  
  51  14:25  Infestation Pit  
  51  14:30  Drone  
  51  14:38  Muscular Augments  
  47  15:13  Hatchery  
  46  15:14  Drone  
  46  15:15  Drone x5  
  46  15:17  Spore Crawler  
  46  15:18  Spore Crawler  
  50  15:25  Hive  
  50  15:42  Drone x2  
  44  16:06  Zerg Melee Weapons Level 1  
  34  16:22  Drone  
  34  16:23  Drone x3  
  38  16:30  Drone x2  
  40  16:34  Overseer  
  40  16:42  Adrenal Glands  
  40  16:48  Drone x3, Evolution Chamber  
  40  16:51  Spore Crawler  
  40  16:53  Spore Crawler  
  40  16:58  Queen  
  42  17:02  Drone x2  
  44  17:09  Extractor  
  43  17:49  Zergling x2  
  43  17:50  Zergling x24  
Show
View Real Time Build Order
Export as new Build Order

ChuckChunder Terran - Winner!

Build Orders:  

Get SALT Encoding   

  12  0:02  SCV  
  14  0:14  SCV  
  14  0:26  SCV  
  15  0:42  Supply Depot  
  15  1:03  SCV  
  16  1:05  Barracks  
  16  1:09  Barracks  
  16  1:13  Barracks  
  16  1:15  SCV  
  17  1:24  Supply Depot  
  17  1:27  SCV  
  18  1:37  Refinery  
  19  1:40  SCV  
  19  1:52  Orbital Command  
  19  1:54  Marine  
  19  1:56  Marine  
  21  2:08  Supply Depot  
  21  2:15  Marine x3  
  24  2:19  SCV  
  25  2:32  Marine  
  25  2:36  Marine  
  27  2:37  Reaper  
  28  2:50  Marine  
  29  2:54  Marine  
  30  3:07  Factory  
  30  3:08  Marine  
  30  3:09  Marine  
  30  3:10  Refinery  
  30  3:12  Marine  
  33  3:26  Marine  
  33  3:27  Marine  
  34  3:30  Marine  
  36  3:44  Marine x2  
  36  3:48  Marine  
  36  4:15  Marine x3  
  39  4:17  Factory Tech Lab  
  39  4:42  Marine  
  31  4:48  Siege Tank  
  32  5:01  Command Center  
  31  5:20  Siege Tank  
  27  5:34  SCV  
  28  5:41  Marine x3  
  30  5:46  SCV  
  31  5:52  Siege Tank  
  34  5:58  Marine, SCV  
  34  5:59  Marine  
  34  6:03  Barracks Tech Lab, Factory  
  37  6:09  Engineering Bay  
  37  6:10  SCV  
  38  6:15  Orbital Command  
  38  6:16  Marine x2  
  40  6:20  Refinery  
  40  6:22  SCV  
  41  6:34  SCV  
  41  6:35  Armory  
  42  6:44  Missile Turret  
  42  6:46  SCV, Missile Turret  
  43  6:53  Supply Depot x2  
  43  6:55  Factory Tech Lab  
  43  6:58  SCV  
  43  6:59  Supply Depot  
  44  7:10  SCV, Missile Turret  
  44  7:13  Refinery  
  45  7:21  SCV  
  45  7:22  SCV  
  47  7:30  Thor  
  47  7:33  SCV  
  47  7:34  SCV, Terran Vehicle And Ship Armor Level 1  
  55  7:41  Missile Turret  
  55  7:45  SCV  
  55  7:46  SCV  
  57  7:57  SCV  
  58  7:58  SCV  
  58  8:05  Thor  
  65  8:10  SCV  
  66  8:13  Thor, Missile Turret  
  72  8:43  Supply Depot  
  72  8:47  Thor  
  78  8:50  Command Center  
  78  9:04  Marine x2, Thor, Combat Shield  
  78  9:06  Supply Depot  
  86  9:27  Marine  
  86  9:28  Supply Depot  
  86  9:30  Thor  
  93  9:45  Marine  
  93  9:49  Thor  
  100  9:56  Supply Depot  
  100  9:59  Supply Depot x2  
  100  11:06  Thor x2  
  103  11:36  Marine  
  103  11:37  Marine x2  
  87  11:48  Thor  
  87  11:49  Thor  
  87  11:52  Orbital Command  
  99  11:54  Terran Vehicle And Ship Armor Level 2  
  99  12:13  Terran Infantry Armor Level 1  
  99  12:19  Orbital Command  
  99  12:29  Marine  
  100  12:30  Marine x2  
  100  12:31  Thor x2  
  100  12:32  Stimpack  
  114  12:47  Marine x3  
  117  12:52  SCV  
  118  13:01  Refinery  
  118  13:04  SCV  
  118  13:05  Marine x2  
  120  13:06  Refinery  
  121  13:16  SCV  
  122  13:29  SCV  
  123  13:41  SCV  
  124  13:58  Thor x2  
  136  14:10  Terran Vehicle Weapons Level 1  
  136  14:43  Marine x3  
  139  14:54  Supply Depot  
  139  14:55  Supply Depot  
  139  14:58  Supply Depot  
  139  14:59  Supply Depot  
  139  15:00  Supply Depot  
  139  15:01  Marine x2  
  141  15:16  Marine, Thor  
  141  15:17  Thor  
  141  15:18  Terran Infantry Armor Level 2  
  141  15:19  Marine x2  
  141  15:20  Supply Depot  
  156  15:33  Marine  
  157  15:37  Marine x2  
  159  15:51  Marine  
  159  15:54  Marine x2  
  162  15:58  Thor  
  162  15:59  Thor  
  173  16:09  Marine  
  153  16:12  Marine x2  
  122  16:27  Marine  
  122  16:30  Marine x2  
  125  16:36  Factory  
  125  16:41  Thor  
  125  16:42  Thor  
  125  16:45  Marine  
  138  16:48  Marine x2  
  140  16:55  Command Center  
  140  17:02  Marine  
  140  17:06  Marine x2  
  143  17:20  Marine  
  144  17:23  Marine  
  144  17:24  Marine  
  132  18:28  Factory Tech Lab  
Show
View Real Time Build Order
Export as new Build Order

Will Protoss - Winner!

Build Orders: Carriers 

Get SALT Encoding   

  1  0:00  Probe  
  12  0:06  Probe  
  14  0:16  Probe  
  15  0:28  Pylon  
  15  0:46  Probe  
  15  0:49  Gateway  
  16  0:57  Gateway  
  16  0:58  Probe  
  17  1:04  Pylon  
  17  1:11  Probe  
  17  1:16  Assimilator  
  18  1:21  Assimilator  
  18  1:26  Pylon  
  18  1:29  Zealot  
  20  1:45  Zealot  
  22  1:53  Zealot  
  22  2:00  Probe  
  25  2:12  Zealot, Probe  
  28  2:18  Cybernetics Core  
  28  2:21  Zealot  
  30  2:25  Probe  
  31  2:37  Probe  
  31  2:39  Zealot  
  31  2:43  Pylon  
  34  3:03  Stargate  
  34  3:06  Probe  
  35  3:18  Stalker  
  37  3:21  Stalker  
  39  3:50  Void Ray  
  43  4:20  Void Ray  
  43  4:28  Protoss Air Weapons Level 1  
  47  4:40  Nexus  
  47  4:47  Stalker  
  47  4:49  Pylon  
  41  4:56  Void Ray  
  41  5:06  Assimilator  
  45  5:12  Assimilator  
  41  5:39  Void Ray  
  45  6:23  Void Ray  
  41  6:36  Probe  
  46  6:44  Probe  
  46  6:47  Stargate  
  46  6:51  Stargate  
  46  6:54  Probe  
  47  6:57  Void Ray  
  44  7:06  Probe  
  49  7:09  Robotics Facility  
  49  7:18  Probe  
  50  7:25  Protoss Air Armor Level 1, Void Ray  
  50  7:30  Probe  
  55  7:42  Probe  
  56  7:52  Void Ray  
  56  7:54  Probe  
  56  7:58  Observer  
  62  8:03  Void Ray  
  62  8:06  Probe  
  67  8:18  Probe  
  67  8:19  Observer  
  69  8:31  Probe  
  62  9:13  Void Ray  
  62  9:15  Void Ray  
  62  9:19  Void Ray  
  66  9:35  Probe  
  67  9:47  Probe  
  68  10:03  Pylon  
  68  10:04  Pylon  
  68  10:07  Pylon  
  68  10:09  Pylon  
  69  10:14  Observer  
  69  10:19  Void Ray  
  69  10:21  Void Ray  
  73  10:22  Void Ray  
  81  10:54  Void Ray  
  81  11:02  Void Ray  
  81  11:04  Void Ray  
  89  11:08  Forge  
  93  11:36  Void Ray  
  97  11:45  Void Ray  
  101  12:09  Void Ray  
  93  12:40  Protoss Shields Level 1  
  89  12:56  Void Ray  
  89  12:57  Void Ray  
  89  13:00  Void Ray  
  85  13:28  Void Ray  
  85  13:30  Void Ray  
  81  13:35  Void Ray  
  93  14:04  Void Ray  
  93  14:06  Void Ray  
  101  14:26  Nexus  
  101  14:36  Pylon  
  101  14:37  Pylon  
  101  14:40  Pylon  
  101  14:51  Void Ray  
  101  14:52  Void Ray  
  101  14:53  Void Ray  
  69  15:19  Fleet Beacon  
  69  15:25  Assimilator  
  69  15:29  Assimilator  
  69  15:33  Void Ray  
  69  15:34  Void Ray  
  69  15:41  Void Ray  
  77  15:47  Probe  
  81  15:55  Probe  
  83  16:04  Probe  
  83  16:06  Carrier  
  83  16:07  Carrier  
  83  16:09  Carrier  
  84  16:16  Probe  
  103  16:28  Probe  
  104  16:40  Probe  
  105  16:52  Probe  
  106  17:05  Probe  
  107  17:09  Carrier  
  107  17:10  Carrier  
  119  17:19  Carrier  
  125  17:38  Observer  
Tags
 
Add a new tag
Caveats
  • Supply blocks, unpowered buildings, or Contaminate may cause inaccurate times.
  • Supply counts are checked every 10 seconds.